 Dungeon Sprint DCSS version 0.27.1-3-gb3d3a73c9e (webtiles) character file.

Game seed: 10587795695941944820

431 JuniperTheExplorer the Protected (level 7, -5/58 HPs)
             Began as a Djinni Fighter on Oct 29, 2021.
             Slain by a slime creature (9 damage)
             ... in the Dungeon (Sprint I: "Red Sonja").
             The game lasted 00:04:03 (1164 turns).

JuniperTheExplorer the Protected (Djinni Fighter)   Turns: 1164, Time: 00:04:03

Health: -5/58      AC:  8    Str: 16    XL:     7   Next: 19%
Gold:   297        EV:  9    Int: 10    God:
                   SH: 10    Dex: 13

rFire    + + .     SeeInvis .   a - +0 long sword
rCold    x . .     Faith    .   c - +0 kite shield
rNeg     . . .     Spirit   .   b - +0 scale mail
rPois    ∞         Reflect  .   (no helmet)
rElec    .         Harm     .   (no cloak)
rCorr    .         Rampage  .   (no gloves)
Will     .....     NoTele   +   (boots unavailable)
Stlth    ..........             (no amulet)
HPRegen  0.19/turn              (no ring)
MPRegen  0.00/turn              (no ring)

@: flying
A: sickness immunity, fire resistance 2, cold vulnerability 1, float, innate
caster, hp casting, extra vitality 1
a: no special abilities


You were in the Dungeon.
You visited 1 branch You collected 297 gold pieces.

Inventory:

Hand Weapons
 a - a +0 long sword (weapon)
Armour
 b - a +0 scale mail (worn)
 c - a +0 kite shield (worn)
Wands
 f - a wand of flame (14) (quivered)
Scrolls
 d - 2 scrolls of identify
Potions
 g - a potion of haste
 h - a potion of berserk rage


   Skills:
 + Level 7.7 Fighting
 + Level 6.2 Long Blades
 + Level 8.8 Armour
 + Level 2.4 Dodging
 + Level 7.0 Shields


You couldn't memorise any spells.
You knew the following spells:

 Your Spells              Type           Power      Damage    Failure   Level
a - Pain                  Necr           0%         1d4       97%         1
b - Passwall              Tmut/Erth      0%         N/A       99%         2
c - Frozen Ramparts       Ice            0%         1d2       100%        3
Your spell library was empty.


Dungeon Overview and Level Annotations

Branches:
Dungeon (1/1)

Altars:
Cheibriados
Dithmenos
Elyvilon
Fedhas
Gozag
Hepliaklqana
Kikubaaqudgha
Makhleb
Nemelex Xobeh
Okawaru
Qazlal
Ru
Sif Muna
Trog
Uskayaw
Vehumet
Wu Jian
Xom
Yredelemnul
Zin
The Shining One
Jiyva
Lugonu

Shops:
D *


Innate Abilities, Weirdness & Mutations

You are immune to sickness and miasma.
You are immune to poison.
Your flesh is very heat resistant. (rF++)
You are vulnerable to cold. (rC-)
You float through the air rather than walking.
You learn spells naturally, not from books.
Your magical power is your life essence.
You have superior vitality. (+4 HP)


Message History

The slime creature is moderately wounded.
The slime creature completely misses you.
You barely miss the slime creature.
The slime creature is moderately wounded.
The slime creature hits you.
You hit the slime creature.
The slime creature is moderately wounded.
The slime creature hits you.
You hit the slime creature.
The slime creature is moderately wounded.
The slime creature hits you but does no damage.
You hit the slime creature.
The slime creature is moderately wounded.
The slime creature hits you!
The slime creature hits you but does no damage.
You hit the slime creature.
The slime creature is moderately wounded.
You block the slime creature's attack.
You hit the slime creature but do no damage.
The slime creature is moderately wounded.
You block the slime creature's attack.
You hit the slime creature.
The slime creature is moderately wounded.
The slime creature hits you but does no damage.
You slash the slime creature!
The slime creature is heavily wounded.
The slime creature hits you but does no damage.
The slime creature closely misses you.
You slash the slime creature!
The slime creature is heavily wounded.
The slime creature hits you!
* * * LOW HITPOINT WARNING * * *
You hit the slime creature.
The slime creature is severely wounded.
The slime creature hits you!
* * * LOW HITPOINT WARNING * * *
You slash the slime creature!
The slime creature is severely wounded.
The slime creature hits you!
You die...

###################
#<.#.)').#..'..#__#
#..'..#..').#..@J.+
#..#####'#####'#__#
#..####..#...#.####
#..#__####..##.#
#..#_____##+#_.+
#⌠⌠#_.∩...'..†_#
####_..__##_.#+#
#_____###+#.#
####### ###


You could see a slime creature.

Vanquished Creatures
  Sigmund (D)
  A yak (D)
  An ogre (D)
  A jelly (D)
  Ijyb (D)
5 creatures vanquished.

Vanquished Creatures (others)
  A gargoyle (D)
1 creature vanquished.

Grand Total: 6 creatures vanquished

Notes
Turn   | Place    | Note
-------+----------+-------------------------------------------
     0 | D        | JuniperTheExplorer the Djinni Fighter began the quest for
                  | the Orb.
     0 | D        | Reached XP level 1. HP: 20/20 MP: 0/0
    12 | D        | Noticed Ijyb
    19 | D        | HP: 1/20 [Ijyb (5)]
    34 | D        | Killed Ijyb
    35 | D        | Reached skill level 4 in Armour
    35 | D        | Reached XP level 2. HP: 6/26 MP: 0/0
    35 | D        | Reached XP level 3. HP: 7/31 MP: 0/0
    35 | D        | Learned a level 1 spell: Pain
   275 | D        | Noticed an ogre
   278 | D        | Killed an ogre
   279 | D        | Reached skill level 5 in Fighting
   279 | D        | Reached skill level 6 in Armour
   279 | D        | Reached skill level 1 in Dodging
   279 | D        | Reached skill level 5 in Shields
   279 | D        | Reached XP level 4. HP: 25/39 MP: 0/0
   279 | D        | Reached XP level 5. HP: 27/43 MP: 0/0
   279 | D        | Learned a level 2 spell: Passwall
   281 | D        | Noticed Sigmund
   286 | D        | Killed Sigmund
   287 | D        | Reached skill level 7 in Armour
   287 | D        | Reached XP level 6. HP: 15/51 MP: 0/0
   557 | D        | Found an ornate altar of the Wu Jian Council.
   564 | D        | Reached skill level 5 in Long Blades
   564 | D        | Reached skill level 8 in Armour
   702 | D        | Found Tuah's General Store.
   702 | D        | Found a hazy altar of Hepliaklqana.
   702 | D        | Found a stormy altar of Qazlal.
   702 | D        | Found a hide-covered altar of Uskayaw.
   702 | D        | Found a blossoming altar of Fedhas.
   702 | D        | Found a bloodstained altar of Trog.
   702 | D        | Found an iron altar of Okawaru.
   702 | D        | Found a basalt altar of Yredelemnul.
   702 | D        | Found a glowing golden altar of the Shining One.
   702 | D        | Found a snail-covered altar of Cheibriados.
   702 | D        | Found a sacrificial altar of Ru.
   702 | D        | Found a glowing silver altar of Zin.
   702 | D        | Found a shadowy altar of Dithmenos.
   702 | D        | Found a white marble altar of Elyvilon.
   702 | D        | Noticed a yak
  1005 | D        | Killed a yak
  1006 | D        | Reached XP level 7. HP: 38/58 MP: 0/0
  1006 | D        | Learned a level 3 spell: Frozen Ramparts
  1117 | D        | Found an opulent altar of Gozag.
  1118 | D        | Found a sparkling altar of Nemelex Xobeh.
  1147 | D        | Found a burning altar of Makhleb.
  1147 | D        | Found a viscous altar of Jiyva.
  1147 | D        | Found a shimmering altar of Xom.
  1147 | D        | Found a corrupted altar of Lugonu.
  1147 | D        | Noticed a slime creature
  1152 | D        | Killed a gargoyle
  1164 | D        | Slain by a slime creature

Illustrated notes

Levels and vault maps discovered:
D:        dungeon_sprint_1 [red_sonja_temple_1, red_sonja_temple_small_1]

Skill      XL: |  1  2  3  4  5  6 |
---------------+-------------------+-----
Fighting       | 4 5 6 7 |  7.7
Long Blades    | 2 3 4 6 |  6.2
Armour         | 4 6 7 8 |  8.8
Shields        | 4 5 6 7 |  7.0
Dodging        | 1 2 |  2.4

Action                   |  1- 3 |  4- 6 |  7- 9 || total
-------------------------+-------+-------+-------++-------
Melee: Long sword        |    21 |    25 |    16 ||    62
  Use: Potion            |     2 |     1 |       ||     3
       Scroll            |       |     2 |       ||     2
Armor: Scale mail        |     2 |     6 |     4 ||    12
Dodge: Dodged            |    10 |     5 |     4 ||    19
Block: Kite shield       |     8 |     7 |     5 ||    20
       Rpst.: Long sword |     3 |     1 |       ||     4
